 Dungeon Crawl Stone Soup version 0.30.0-29-ga12c61a403 (webtiles) character file.

Game seed: 17774676318932568861

166 AgateBread the Digger (level 5, -1/45 HPs)
             Began as a Ghoul Earth Elementalist on June 23, 2023.
             Slain by Sigmund
             ... wielding a +0 scythe
              (3 damage)
             ... on level 4 of the Dungeon.
             The game lasted 00:18:53 (3026 turns).

AgateBread the Digger (Ghoul Earth Elementalist)    Turns: 3026, Time: 00:18:54

Health: -1/45      AC:  4    Str: 12    XL:     5   Next: 47%
Magic:  6/6        EV: 11    Int: 12    God:
Gold:   226        SH:  0    Dex:  9    Spells: 3/7 levels left

rFire   + +          .
                       - Unarmed
rCold   + . .        (no shield)
rNeg    + + +        d - +1 leather armour {rF+}
rPois   ∞            (no helmet)
rElec   .            (no cloak)
rCorr   .            (no gloves)
SInv    .            (no boots)
Will    .....        x - amulet of the acrobat
Stlth   +            h - ring of protection from fire
HPRegen 0.00/turn    (no ring)
MPRegen 0.10/turn

%: acrobat
@: confused, inhibited regen, hasted, very quick
A: claws 1, cold resistance 1, negative energy resistance 3, inhibited
regeneration, torment resistance 2, devour on kill
a: no special abilities


You were on level 4 of the Dungeon.
You visited 1 branch of the dungeon, and saw 4 of its levels.

You collected 226 gold pieces.

Inventory:

Hand Weapons
 b - a +1 dagger of venom
 g - a +2 short sword of draining
 s - a +1 whip of electrocution
 v - a +0 quarterstaff
Missiles
 c - 27 stones
Armour
 a - a +0 robe
 d - a +1 leather armour of fire resistance (worn)
 k - a +0 ring mail
 m - a +0 scale mail
Jewellery
 h - a ring of protection from fire (left claw)
 x - an amulet of the acrobat (around neck)
Scrolls
 e - 3 scrolls of teleportation {unknown}
 f - 3 scrolls of vulnerability {unknown}
 i - 5 scrolls of identify {unknown}
 l - a scroll of blinking {unknown}
 t - 3 scrolls of fear {unknown}
 w - a scroll of magic mapping {unknown}
Potions
 j - a potion of haste
 n - a potion of lignification {unknown}
 o - a potion of berserk rage {unknown}
 p - 3 potions of curing {unknown}
 q - 2 potions of flight {unknown}
 r - a potion of ambrosia {unknown}
 u - 3 potions of heal wounds {unknown}


   Skills:
 + Level 3.0 Fighting
 - Level 1.7 Dodging
 - Level 2.1 Stealth
 + Level 2.9 Unarmed Combat
 - Level 1.7 Spellcasting
 - Level 0.8 Transmutations
 + Level 4.6 Earth Magic


You had 3 spell levels left.
You knew the following spells:

 Your Spells              Type           Power      Damage    Failure   Level
a - Sandblast             Erth           24%        2d8       5%          1
b - Stone Arrow           Conj/Erth      12%        3d7       38%         3

Your spell library contained the following spells:

 Spells                   Type           Power      Damage    Failure   Level
 Passwall                 Tmut/Erth      5%         N/A       17%         2
 Poisonous Vapours        Pois/Air       2%         N/A       47%         2
 Scorch                   Fire           2%         2d5       47%         2
 Inner Flame              Hex/Fire       1%         N/A       71%         3
 Mephitic Cloud           Conj/Pois/Air  1%         N/A       71%         3
 Petrify                  Tmut/Erth      7%         N/A       75%         4
 Cause Fear               Hex            0%         N/A       98%         4
 Flame Wave               Conj/Fire      1%         2d4       98%         4
 Freezing Cloud           Conj/Ice/Air   0%         6-21      100%        5
 Yara's Violent Unravell  Hex/Tmut       1%         3d3       100%        5
 Plasma Beam              Fire/Air       0%         2x1d11    100%        6
 Enfeeble                 Hex            0%         N/A       100%        7
 Ignition                 Fire           0%         3d3       100%        8
 Dragon's Call            Summ           0%         N/A       100%        9
 Dragon Form              Tmut           Unusable   N/A       N/A         7

Dungeon Overview and Level Annotations

Branches:
Dungeon (4/15)
 Temple: D:4-7

Altars:

Annotations:
D:4 Sigmund


Innate Abilities, Weirdness & Mutations

You are immune to poison.
You have sharp fingernails.
Your flesh is cold resistant. (rC+)
You are immune to negative energy. (rN+++)
You do not regenerate when monsters are visible.
You are immune to unholy pain and torment.
You thrive by killing the living.


Message History

Sigmund points at you and mumbles some strange words.
You are confused.
Sigmund hits you from afar with a +0 scythe.
You are too confused!
You bump into the rock wall.
Sigmund closely misses you.
You're too confused to cast spells.
You bump into the rock wall.
Sigmund hits you from afar with a +0 scythe.
Sigmund completely misses you.
You feel less confused.
Sigmund points at you and mumbles some strange words.
You are confused.
Sigmund gestures wildly while chanting.
Sigmund flickers and vanishes!
Deactivating autopickup; reactivate with Ctrl-A.
You're too confused to cast spells.
Something hits you.
You hear some strange, mumbled words.
Something tries to affect you, but you resist.
You bump into the rock wall.
You hear some strange, mumbled words.
You are more confused.
Something hits you but does no damage.
You're too confused to move!
Something hits you but does no damage.
You feel yourself speed up. Something hits you!
Something completely misses you. Something hits you!
* * * LOW HITPOINT WARNING * * *
You bump into the rock wall.
You hear some strange, mumbled words.
A magic dart appears from out of thin air!
The magic dart hits you.
* * * LOW HITPOINT WARNING * * *
You barely miss something. Something hits you.
* * * LOW HITPOINT WARNING * * *
You closely miss something. Something hits you.
* * * LOW HITPOINT WARNING * * *
You completely miss something.
You bump into the rock wall.
Something hits you.
You die...

#...................
#............<......
#...................
#.................
#'#####...##...#
#..####...##'#####
#†...#...........#
#....#..[.....{..# #...
#######..###.##@.# #.#
+##...
#..###.##..######.##. #...
#..#....'.......#... #...
+..#....#.......#.. #...
##'##############.###+#...
#..##############.#.......
#.....#...........#.......
#.....#.........†.'.......
#.....#.....†.....#.......


There were no monsters in sight!

Vanquished Creatures
  A hound (D:4)
  6 adders
  3 worms
  A dart slug (D:2)
  An orc (D:4)
  12 endoplasms
  2 giant cockroaches
  9 hobgoblins
  3 quokkas
  5 ball pythons
  4 bats
  4 frilled lizards
  11 goblins
  5 kobolds
  5 rats
72 creatures vanquished.

Notes
Turn   | Place    | Note
-------+----------+-------------------------------------------
     0 | D:1      | AgateBread the Ghoul Earth Elementalist began the quest for
                  | the Orb.
     0 | D:1      | Reached XP level 1. HP: 14/14 MP: 2/2
   286 | D:1      | Reached XP level 2. HP: 22/22 MP: 1/3
   328 | D:1      | Reached skill level 1 in Fighting
   479 | D:1      | Reached skill level 1 in Unarmed Combat
  1084 | D:2      | Reached XP level 3. HP: 28/28 MP: 2/4
  1413 | D:2      | Reached skill level 4 in Earth Magic
  1523 | D:2      | Reached XP level 4. HP: 36/36 MP: 1/5
  1804 | D:2      | Learned a level 3 spell: Stone Arrow
  2102 | D:3      | Got the Tome of Wildfire
  2745 | D:4      | Reached XP level 5. HP: 40/42 MP: 6/6
  3003 | D:4      | Noticed Sigmund
  3024 | D:4      | HP: 2/45 [something (4)]
  3026 | D:4      | Slain by Sigmund

Illustrated notes

Levels and vault maps discovered:
D:1:      shiori_arrival_maze, layout_rooms
D:2:      cheibrodos_greedy_goblins, layout_basic
D:3:      layout_loops_ring
D:4:      layout_gridville, serial_shops, shop, nrook_mini_backslash,
          minmay_fractal_squares_diagonal_5, uniq_blork_the_orc, uniq_sigmund

Skill      XL: |  1  2  3  4  5 |
---------------+----------------+-----
Fighting       | 1 2 3 |  3.0
Unarmed Combat | 1 2 |  2.9
Earth Magic    | 4 |  4.6
Dodging        | |  1.7
Stealth        | |  2.1
Spellcasting   | |  1.7
Transmutations | |  0.8

Action                     |  1- 3 |  4- 6 || total
---------------------------+-------+-------++-------
  Melee: Unarmed           |   106 |    87 ||   193
         Punch             |       |     1 ||     1
   Cast: Sandblast         |    29 |    20 ||    49
    Use: Potion            |     1 |     1 ||     2
   Stab: Sleeping          |     1 |       ||     1
 Armour: Leather armour    |    41 |    32 ||    73
  Dodge: Dodged            |    70 |    63 ||   133
